 Dungeon Crawl Stone Soup version 0.29-a0-504-gec6baf379c (webtiles) character file.

Game seed: 2951761671724676152

596 Colgate the Twirler (level 7, -6/43 HPs)
             Began as a Kobold Brigand on May 28, 2022.
             Was a Believer of Trog.
             Splashed by a jelly's acid (7 damage)
             ... on level 4 of the Dungeon.
             The game lasted 00:20:27 (5650 turns).

Colgate the Twirler (Kobold Brigand)                Turns: 5650, Time: 00:20:27

Health: -6/43      AC: -10   Str: 10    XL:     7   Next: 67%
Magic:  7/7        EV: 12    Int: 12    God:    Trog [**....]
Gold:   177        SH:  5    Dex: 17    Spells: 6/6 levels left

rFire   . . .      SeeInvis +   b - +0 lajatang
rCold   . . .      Faith    .   (shield currently unavailable)
rNeg    . . .      Spirit   .   t - +0 ring mail
rPois   .          Reflect  +   C - +2 helmet {SInv}
rElec   .          Harm     .   j - +1 cloak
rCorr   .          Rampage  .   (no gloves)
Will    .....                   (no boots)
Stlth   +++.......              k - amulet of reflection
HPRegen 0.14/turn               (no ring)
MPRegen 0.10/turn               (no ring)

@: corroded
A: small, no large weapons, nightstalker 3
a: Renounce Religion, Berserk, Trog's Hand


You were on level 4 of the Dungeon.
You worshipped Trog.
Trog was pleased with you.
You visited 1 branch of the dungeon, and saw 4 of its levels.

You collected 177 gold pieces.

Inventory:

Hand Weapons
 a - a +2 dagger of venom
 b - a +0 lajatang (weapon)
 i - a +0 quarterstaff
Missiles
 d - 18 poisoned darts (quivered)
 e - 3 curare-tipped darts
 r - 3 atropa-tipped darts
Armour
 g - a +0 robe
 j - a +1 cloak (worn)
 t - a +0 ring mail (worn)
 u - a +0 scale mail
 y - a +0 chain mail
 C - a +2 helmet of see invisible (worn)
Jewellery
 k - an amulet of reflection (around neck)
Scrolls
 c - a scroll of amnesia {unknown}
 l - a scroll of fear {unknown}
 m - a scroll of teleportation {unknown}
 n - 2 scrolls of vulnerability
 o - 2 scrolls of fog
 w - a scroll of immolation {unknown}
 x - a scroll of poison {unknown}
Potions
 f - 2 potions of mutation {unknown}
 h - a potion of brilliance
 p - a potion of cancellation {unknown}
 q - 2 potions of attraction {unknown}
 s - 2 potions of curing {@q1}
 v - a potion of invisibility {unknown}
 z - 2 potions of lignification {unknown}
 A - a potion of berserk rage
 B - 2 potions of flight {unknown}


   Skills:
 - Level 4.1 Fighting
 - Level 2.6 Short Blades
 + Level 6.3 Staves
 - Level 2.1 Throwing
 - Level 1.2 Dodging
 - Level 5.3 Stealth


You had 6 spell levels left.
You didn't know any spells.
Your spell library contained the following spells:

 Spells                   Type           Power      Damage    Failure   Level
 Ignite Poison            Fire/Tmut/Pois 0%         N/A       95%         3
 Mephitic Cloud           Conj/Pois/Air  0%         N/A       95%         3
 Freezing Cloud           Conj/Ice/Air   0%         6-21      100%        5


Dungeon Overview and Level Annotations

Branches:
Dungeon (4/15)
 Temple: D:4-7

Altars:
Fedhas
Kikubaaqudgha
Qazlal
Trog
Uskayaw
Vehumet

Annotations:
D:3 1 runed translucent door, KyoPewz's ghost, amateur DEWz


Innate Abilities, Weirdness & Mutations

You are small and have problems with some larger weapons.
You are completely attuned to the shadows.


Message History

No target in view!
A jelly comes into view.
The jelly quivers.
Your +2 dagger of venom stops dripping with poison.
b - a +0 lajatang (weapon)
You swing at nothing.
You hit the jelly.
Your hands burn!
The jelly hits you. The acid corrodes you!
You are splashed with acid!
The jelly attacks as you move away! The jelly hits you but does no damage.
Items here: ))))) [ †††.
The jelly attacks as you move away! The jelly hits you. The acid corrodes you!
You are splashed with acid!
The jelly attacks as you move away! The jelly barely misses you.
Things that are here:
a +0 dagger; a goblin corpse The jelly attacks as you move away!
The jelly hits you. The acid corrodes you!
You are splashed with acid.
The hobgoblin shouts!
The jelly attacks as you move away! You block the jelly's attack.
The jelly attacks as you move away! The jelly closely misses you.
The jelly attacks as you move away! The jelly hits you. The acid corrodes you!
You are splashed with acid.
* * * LOW HITPOINT WARNING * * *
The jelly attacks as you move away! The jelly completely misses you.
The jelly attacks as you move away! The jelly closely misses you.
The jelly attacks as you move away! The jelly closely misses you.
The jelly attacks as you move away! The jelly hits you.
* * * LOW HITPOINT WARNING * * *
The acid corrodes you!
You are splashed with acid.
* * * LOW HITPOINT WARNING * * *
The jelly attacks as you move away! The jelly misses you.
The jelly attacks as you move away! The jelly hits you.
* * * LOW HITPOINT WARNING * * *
You are splashed with acid!
You die...

....#.......##..............##...
##.##....#.......÷......##...#..#
#........##.............#......##
..##.....#............÷#)..#...#
.......................#...##.##
.<.........###g..............##
..........## #...##.#........#
..........## #..J####.....#..#
...........###..@.##..#...####
...............#..#.#.....#
....##.....##..>....###...##
.##.#####..######..........##
###.######...# ##....##..##.#
#..#.#.###.## #...####.....#
##..........####..####....##
####.###......#....#......).#
#>#..#.....................##


You could see a jelly and a hobgoblin.

Vanquished Creatures
  A black bear (D:4)
  An ogre (D:2)
  A necrophage (D:4)
  A scorpion (D:4)
  An orc priest (D:3)
  Jessica (D:2)
  2 orc wizards (D:3)
  Robin (D:4)
  6 adders
  2 worms
  A dart slug (D:4)
  10 orcs
  6 ball pythons
  5 endoplasms
  5 giant cockroaches
  11 hobgoblins
  12 jackals
  6 quokkas
  5 bats
  2 frilled lizards
  19 goblins
  5 rats
104 creatures vanquished.

Notes
Turn   | Place    | Note
-------+----------+-------------------------------------------
     0 | D:1      | Colgate the Kobold Brigand began the quest for the Orb.
     0 | D:1      | Reached XP level 1. HP: 12/12 MP: 1/1
   266 | D:1      | Reached XP level 2. HP: 16/18 MP: 2/2
   656 | D:1      | Reached XP level 3. HP: 23/23 MP: 3/3
  1192 | D:2      | Reached skill level 1 in Staves
  1192 | D:2      | Reached XP level 4. HP: 13/29 MP: 4/4
  1555 | D:2      | Reached skill level 2 in Staves
  1631 | D:2      | Found a faded altar of an unknown god.
  1637 | D:2      | Prayed at the altar of an unknown god.
  1637 | D:2      | Became a worshipper of Trog the Wrathful
  1637 | D:2      | Reached * piety under Trog
  1921 | D:2      | Noticed an ogre
  1925 | D:2      | Killed an ogre
  1926 | D:2      | Reached skill level 3 in Staves
  1926 | D:2      | Reached XP level 5. HP: 15/33 MP: 5/5
  2307 | D:3      | Noticed Jessica
  2317 | D:2      | Killed Jessica
  2318 | D:2      | Reached XP level 6. HP: 7/38 MP: 6/6
  2690 | D:3      | Found a stormy altar of Qazlal.
  2690 | D:3      | Found an ancient bone altar of Kikubaaqudgha.
  2703 | D:3      | Found a radiant altar of Vehumet.
  2710 | D:3      | Found a hide-covered altar of Uskayaw.
  2909 | D:3      | Reached skill level 4 in Staves
  3040 | D:3      | Found a runed translucent door.
  3040 | D:3      | Noticed KyoPewz's ghost (amateur DEWz)
  3360 | D:2      | Found a bloodstained altar of Trog.
  4071 | D:3      | HP: 1/38 [orc/+0 flail (2)]
  4924 | D:4      | Found a blossoming altar of Fedhas.
  4992 | D:4      | Reached skill level 5 in Staves
  5134 | D:4      | Reached XP level 7. HP: 25/43 MP: 7/7
  5225 | D:4      | Reached ** piety under Trog
  5334 | D:4      | Reached skill level 6 in Staves
  5546 | D:4      | Noticed Robin
  5555 | D:4      | Killed Robin
  5641 | D:4      | HP: 2/43 [acid (6)]
  5650 | D:4      | HP: 1/43 [jelly (2)]
  5650 | D:4      | Splashed by a jelly's acid

Illustrated notes

Levels and vault maps discovered:
D:1:      lemuel_arrival_lava_pool, layout_rooms, serial_aquarium,
          aquarium_bridge_straight [aquarium_subvault_bridge,
          aquarium_subvault_wall, aquarium_subvault_bridge,
          aquarium_subvault_wall], aquarium_bridge_square
          [aquarium_subvault_bridge, aquarium_subvault_bridge,
          aquarium_subvault_window, aquarium_subvault_balcony],
          aquarium_window_1, aquarium_window_fake, aquarium_window_fake,
          aquarium_view_2b, aquarium_view_2c, aquarium_balcony_5a
D:2:      layout_loops_ring, dreamdust_ecumenical_altar_angels_and_demons,
          chequers_arboretum
D:3:      layout_loops_corners, grunt_temple_overflow_cloverleaf,
          hellmonk_ghost_happy_afterlife, uniq_jessica
D:4:      layout_cave_pools, amcnicky_altar_gilded, kennysheep_potato,
          uniq_robin

Skill      XL: |  1  2  3  4  5  6  7 |
---------------+----------------------+-----
Fighting       | 3 4 |  4.1
Staves         | 1 3 5 6 |  6.3
Short Blades   | |  2.6
Throwing       | |  2.1
Dodging        | |  1.2
Stealth        | |  5.3

Action                   |  1- 3 |  4- 6 |  7- 9 || total
-------------------------+-------+-------+-------++-------
Melee: Lajatang          |    56 |   115 |    47 ||   218
       Dagger            |    16 |    21 |     1 ||    38
Invok: Berserk           |       |       |     1 ||     1
  Use: Scroll            |       |     4 |     1 ||     5
       Potion            |       |     1 |       ||     1
 Stab: Sleeping          |    13 |    16 |     1 ||    30
       Distracted        |       |     4 |       ||     4
Armor: Robe              |    12 |     5 |       ||    17
       Ring mail         |       |    27 |    19 ||    46
Dodge: Dodged            |    46 |    70 |    29 ||   145
Block: Other             |     4 |    34 |    10 ||    48

Table legend: (Time is in decaauts)
 A = Elapsed time spent in this place.
 B = Non-inter-level travel time spent in this place.
 C = Inter-level travel time spent in this place.
 D = Time resting spent in this place.
 E = Time spent auto-exploring this place.
 F = Levels seen in this place.
 G = Mean time per level.
                   A        B        C        D        E       F      G
               +--------+--------+--------+--------+--------+-----+--------+
         Total |   5675 |   5191 |    484 |    302 |   3709 |   4 | 1418.8 |
       Dungeon |   5675 |   5191 |    484 |    302 |   3709 |   4 | 1418.8 |
               +--------+--------+--------+--------+--------+-----+--------+

Top non-repeatable levels by time:
     D:2: 2232 daAuts
     D:3: 1611 daAuts
     D:1: 1056 daAuts
     D:4: 775 daAuts
